[Event "*** Titled Tuesday Blitz"]
[Site "Chess.com"]
[Date "2020.01.07"]
[Round "1"]
[White "Zubrrr"]
[Black "djano"]
[Result "0-1"]
[WhiteElo "2748"]
[BlackElo "2441"]
[TimeControl "180+2"]
[EndTime "13:07:26 PST"]
[Termination "djano won by resignation"]

1. c4 Nf6 2. g3 g6 3. Bg2 Bg7 4. Nc3 O-O 5. Nf3 d5 6. cxd5 Nxd5 7.
O-O c5 8. Ng5 Nxc3 9. bxc3 Nc6 10. Qa4 Bd7 11. Rb1 Rb8 12. Ba3 Na5 13. Qh4 h6 14.
Nf3 Bf5 15. e4 g5 16. Nxg5 hxg5 17. Qxg5 Bg6 18. Bxc5 Bf6 19. Qh6 b6 20. Be3 Qd3 21.
f3 Nc4 22. Bf4 e5 23. h4 exf4 24. h5 Bg7 25. Qg5 Qd8 26. Qxd8 Rbxd8 27. hxg6 Nxd2 28.
gxf7+ Kxf7 29. gxf4 Nxb1 30. Rxb1 Rd2 31. Bf1 Bxc3 32. e5 Bd4+ 0-1

[Event "*** Titled Tuesday Blitz"]
[Site "Chess.com"]
[Date "2020.01.07"]
[Round "1"]
[White "GMKrikor"]
[Black "Megagigahiper3345"]
[Result "1-0"]
[WhiteElo "2877"]
[BlackElo "2461"]
[TimeControl "180+2"]
[EndTime "13:07:27 PST"]
[Termination "GMKrikor won by resignation"]

1. e4 g6 2. d4 Bg7 3. Nc3 d6 4. Be3 a6 5. h4 h5 6. f3 b5 7. Qd2 Nd7 8. Nh3 Bb7 9. Ng5 Rc8 10.
a4 b4 11. Bc4 e6 12. Ne2 a5 13. Nf4 Qe7 14. Bxe6 fxe6 15. Nxg6 Qf6 16. Nxh8 Bxh8 17. O-O Ne7 18. Rad1 e5 19. d5 Nf8 20. f4 Nfg6 21.
f5 Nf4 22. g3 Nfxd5 23. exd5 Nxd5 24. Ne4 Qf8 25. Bh6 Qg8 26. Bg5 Nb6 27. Nxd6+ cxd6 28. Qxd6 Qf7 29. Qd8+ Rxd8 1-0

[Event "*** Titled Tuesday Blitz"]
[Site "Chess.com"]
[Date "2020.01.07"]
[Round "1"]
[White "gui_borba"]
[Black "oskariot"]
[Result "1-0"]
[WhiteElo "2307"]
[BlackElo "2614"]
[TimeControl "180+2"]
[EndTime "13:07:29 PST"]
[Termination "gui_borba won by resignation"]

1. e4 e6 2. d4 d5 3. e5 c5 4.
c3 Nc6 5. Nf3 Qb6 6. a3 Nh6 7.
b4 cxd4 8. b5 Na5 9. Bxh6 gxh6 10. cxd4 Bd7 11. Nbd2 Rc8 12. Bd3 Rc3 13. Qb1 Rxa3 14.
Rxa3 Bxa3 15. O-O O-O 16. Bxh7+ Kh8 17. Bd3 Be7 18. Rc1 Qd8 19. g3 b6 20. h4 Qb8 21.
Nf1 Rc8 22. Ne3 Rxc1+ 23. Qxc1 Qc8 24. Qd1 Ba3 25. Ng4 Qc1 26. Qxc1 Bxc1 27. h5 Bb2 28.
Nxh6 Kg7 29. Ng4 Nb3 30. h6+ Kf8 31. Ng5 Bxd4 32. h7 1-0

[Event "*** Titled Tuesday Blitz"]
[Site "Chess.com"]
[Date "2020.01.07"]
[Round "1"]
[White "spectralsoul"]
[Black "KRASAVCHIK2002"]
[Result "1-0"]
[WhiteElo "2893"]
[BlackElo "2471"]
[TimeControl "180+2"]
[EndTime "13:07:30 PST"]
[Termination "spectralsoul won by resignation"]

1. Nf3 Nf6 2. g3 b6 3. Bg2 Bb7 4. O-O e6 5. c4 Be7 6. Nc3 O-O 7.
Re1 Ne4 8. Nxe4 Bxe4 9. d3 Bb7 10. e4 c5 11. d4 d6 12. d5 e5 13. Be3 b5 14.
cxb5 a6 15. bxa6 Nxa6 16. a3 Nc7 17. Nd2 Ba6 18. b4 cxb4 19. axb4 Nb5 20. Ra5 Nd4 21. Nf3 Nb5 22. Qa1 Bb7 23. Bf1 Nc7 24. Bb6 Qb8 25.
Rc1 Nxd5 26. exd5 Bxd5 27. Qc3 Qxb6 28. Rxd5 1-0

[Event "*** Titled Tuesday Blitz"]
[Site "Chess.com"]
[Date "2020.01.07"]
[Round "1"]
[White "chessdude"]
[Black "TheKingDoctor"]
[Result "1-0"]
[WhiteElo "2551"]
[BlackElo "2120"]
[TimeControl "180+2"]
[EndTime "13:07:30 PST"]
[Termination "chessdude won by checkmate"]

1. c4 e6 2. g3 Nf6 3. Bg2 d5 4. Nf3 Be7 5. O-O O-O 6. b3 c5 7. cxd5 exd5 8. d4 Nc6 9. Bb2 Be6 10. dxc5 Bxc5 11. Nc3 Re8 12. Rc1 h6 13. Na4 Bf8 14. Nc5 Bxc5 15. Rxc5 Qb6 16. Rc1 Ne4 17. Nd4 Rad8 18.
a3 a6 19. b4 Ne5 20. Nxe6 Qxe6 21. Qd4 Nf6 22. e3 Nc6 23. Qb6 d4 24. Bxc6 dxe3 25. Qxe3 Qxe3 26. fxe3 bxc6 27. Bxf6 gxf6 28. Rxc6 Rxe3 29.
Rxa6 Rd2 30. Rf2 Rd1+ 31. Kg2 Rb3 32. Rfxf6 Rd2+ 33. Rf2 Rdd3 34. Ra8+ Kg7 35. Ra7 Rxa3 36. Raxf7+ Kg6 37. R2f6+ Kh5 38. Kh3 Rd4 39. Rf4 Rd2 40. R7f6 Raa2 41. R4f5# 1-0

[Event "*** Titled Tuesday Blitz"]
[Site "Chess.com"]
[Date "2020.01.07"]
[Round "1"]
[White "FrogMist"]
[Black "promen1999"]
[Result "0-1"]
[WhiteElo "2412"]
[BlackElo "2794"]
[TimeControl "180+2"]
[EndTime "13:07:34 PST"]
[Termination "promen1999 won by resignation"]

1. e4 c5 2. Nf3 e6 3. d4 cxd4 4. Nxd4 a6 5. Bd3 Qc7 6. O-O Nf6 7. c4 h5 8. Qe2 Ng4 9. g3 Nc6 10. Nxc6 bxc6 11. Bf4 e5 12. Bg5 Bc5 13. Nc3 d6 14.
h3 Nf6 15. Kg2 h4 16. gxh4 Nh5 17. Kh2 f6 18. Bd2 Nf4 19. Bxf4 exf4 20. h5 Qf7 21. e5 Rxh5 22. exf6+ Kd8 23. Qe7+ Qxe7 24. fxe7+ Kxe7 25. Rfe1+ Kf7 26. Bf1 Bxf2 27. Red1 Bg3+ 28. Kg1 Bxh3 29. Ne4 Bg4 30. Nxd6+ Ke6 31. Ne4 Bxd1 32. Rxd1 Rah8 33. Bg2 Bh4 34. b4 Ke5 35. Nc5 Be7 36. Nd3+ Kf5 37.
Re1 Bf6 38. Be4+ Kg5 39. Kf2 Rh2+ 40. Bg2 R8h3 41. Rd1 Bd4+ 42. Kf1 f3 0-1

[Event "*** Titled Tuesday Blitz"]
[Site "Chess.com"]
[Date "2020.01.07"]
[Round "1"]
[White "chessdjw"]
[Black "goldenspine"]
[Result "1-0"]
[WhiteElo "2661"]
[BlackElo "2323"]
[TimeControl "180+2"]
[EndTime "13:07:34 PST"]
[Termination "chessdjw won by resignation"]

1. d4 Nf6 2. Bf4 g6 3. Nc3 d5 4. h4 Bg7 5. e3 c5 6. Be2 Nc6 7.
h5 Qa5 8. h6 Bf8 9. Nf3 Ne4 10.
dxc5 Nxc3 11. bxc3 Qxc3+ 12. Kf1 f6 13. Bc7 e5 14.
Bd6 Bxd6 15. cxd6 Bf5 16. Rb1 O-O-O 17. Qxd5 Rd7 18. e4 Bg4 19. Rh4 Bxf3 20. Bxf3 Rhd8 21. Bg4 Qxc2 22. Bxd7+ Rxd7 23. Re1 Nb4 24. Qg8+ Rd8 25. Qxh7 Nd3 26. Qc7+ Qxc7 27. dxc7 Kxc7 28. Rd1 1-0

[Event "*** Titled Tuesday Blitz"]
[Site "Chess.com"]
[Date "2020.01.07"]
[Round "1"]
[White "RubensCezila"]
[Black "DonPreuss"]
[Result "0-1"]
[WhiteElo "2537"]
[BlackElo "2149"]
[TimeControl "180+2"]
[EndTime "13:07:35 PST"]
[Termination "DonPreuss won by resignation"]

1. b3 Nc6 2. Bb2 e5 3. e3 d6 4. Bb5 g6 5. f4 Bg7 6. Nf3 Bg4 7. fxe5 dxe5 8. h3 Bxf3 9. Qxf3 Ne7 10. e4 O-O 11. d3 Nd4 12. Bxd4 Qxd4 13. c3 Qc5 14. Bc4 b5 15. b4 Qb6 16. Bb3 c5 17. bxc5 Qxc5 18. Qf2 Qd6 19. O-O Qxd3 20. Bxf7+ Kh8 21.
Qc5 Nf5 22. exf5 Rxf7 23. Na3 Rxf5 24. Rxf5 gxf5 25. Nxb5 e4 26. Qxf5 Rf8 27. Qc5 e3 28.
Nd4 e2 29. Nxe2 Qxe2 30. a4 Qd3 31. Rc1 Qd2 32. Rf1 Rxf1+ 33. Kxf1 Qxc3 34. Qxa7 Qd3+ 0-1

[Event "*** Titled Tuesday Blitz"]
[Site "Chess.com"]
[Date "2020.01.07"]
[Round "1"]
[White "The_Bestplayer"]
[Black "hermionegrangermagic"]
[Result "1-0"]
[WhiteElo "2868"]
[BlackElo "2453"]
[TimeControl "180+2"]
[EndTime "13:07:36 PST"]
[Termination "The_Bestplayer won by resignation"]

1. e4 c5 2. Nf3 Nc6 3. d4 cxd4 4.
Nxd4 e5 5. Nb5 d6 6. N1c3 a6 7.
Na3 b5 8. Nab1 Nf6 9. Bg5 Be6 10. a4 b4 11. Nd5 Be7 12. Bxf6 Bxf6 13. Bc4 O-O 14.
O-O a5 15. c3 g6 16. Nxf6+ Qxf6 17. Qxd6 Rfd8 18. Qxc6 Rac8 19. Qb6 Rxc4 20. Qxa5 Rxe4 21. cxb4 Rg4 22. Ra3 h5 23. h3 Rg5 24. Rf3 Bf5 25.
Nc3 Rd4 26. b5 Rf4 27. Nd5 Qd6 28. Nxf4 exf4 29. b6 f6 30. Qa8+ Kg7 31. b7 Bxh3 32.
Rxh3 Qd5 33. b8=Q Rxg2+ 34. Kh1 Qf5 35. Qh8+ 1-0

[Event "*** Titled Tuesday Blitz"]
[Site "Chess.com"]
[Date "2020.01.07"]
[Round "1"]
[White "allvim"]
[Black "chito89"]
[Result "0-1"]
[WhiteElo "2356"]
[BlackElo "2711"]
[TimeControl "180+2"]
[EndTime "13:07:38 PST"]
[Termination "chito89 won by resignation"]

1. e4 g6 2. Nf3 Bg7 3. d4 d6 4. Bc4 a6 5. a4 e6 6. Nc3 b6 7.
O-O Bb7 8. Re1 Ne7 9. Bf4 Nd7 10.
Qd2 h6 11. h3 Nf6 12. Rad1 d5 13. exd5 Nexd5 14. Nxd5 Nxd5 15. Bg3 O-O 16. c3 Qc8 17. Bd3 c5 18. dxc5 Qxc5 19. Bc2 Rad8 20. Qc1 b5 21. axb5 axb5 22. Be5 b4 23. Bxg7 Kxg7 24. cxb4 Nxb4 25. Bb1 Qxc1 26. Rxc1 Bxf3 27. gxf3 Nd5 28. Red1 Rb8 29. Rd2 Nf4 30. Kh2 g5 31. Rc7 Rfc8 32. Rxc8 Rxc8 33. b4 Rc3 34. Be4 Rb3 35. Rd4 Rb2 36. Rc4 Rxf2+ 37. Kg1 Nxh3+ 38. Kh1 Rb2 39. Bc6 h5 40. b5 f5 41. Rd4 g4 42. fxg4 hxg4 43. Rd7+ Kf6 44. Rd8 g3 0-1

[Event "*** Titled Tuesday Blitz"]
[Site "Chess.com"]
[Date "2020.01.07"]
[Round "1"]
[White "MiroVlasenko"]
[Black "marcodobrikov"]
[Result "1-0"]
[WhiteElo "2693"]
[BlackElo "2348"]
[TimeControl "180+2"]
[EndTime "13:07:38 PST"]
[Termination "MiroVlasenko won by resignation"]

1. d4 Nf6 2. Bg5 c5 3. Bxf6 gxf6 4. d5 Qb6 5. Qc1 f5 6. e3 Bg7 7. c3 d6 8. Nh3 Nd7 9. Nd2 Nf6 10. Nf4 e5 11.
dxe6 fxe6 12. Be2 d5 13. O-O Qd6 14. c4 d4 15. Nb3 e5 16. Nh5 Be6 17. exd4 cxd4 18.
Qg5 Nxh5 19. Bxh5+ Kf8 20. Rae1 Qe7 21. Qd2 Bxc4 22.
Nxd4 Bxf1 23. Nxf5 Rd8 24. Qe3 Qf6 25. Qa3+ Kg8 26.
Ne7+ Kf8 27. Ng6+ Kg8 28. Nxh8 Bc4 29. Qc5 Be6 30. Qxa7 Kxh8 31. Qxb7 Bd5 32. Qc7 Qg5 33. Bg4 Bf6 34. Bh3 Qg7 35. Qa5 Rg8 36. Qxd5 Rf8 37.
a4 h6 38. a5 Qa7 39. Rf1 Bg7 40. Bg4 Rb8 41. b3 Qd4 42. Qxd4 exd4 43. a6 Be5 44. Bf3 Ra8 45. Bxa8 1-0

[Event "*** Titled Tuesday Blitz"]
[Site "Chess.com"]
[Date "2020.01.07"]
[Round "1"]
[White "FelixJoseYnojosa"]
[Black "FearlessKing64"]
[Result "1-0"]
[WhiteElo "2650"]
[BlackElo "2318"]
[TimeControl "180+2"]
[EndTime "13:07:38 PST"]
[Termination "FelixJoseYnojosa won by resignation"]

1. c4 Nf6 2. Nc3 d5 3. cxd5 Nxd5 4. e4 Nxc3 5. bxc3 c5 6. Nf3 g6 7. d4 Bg7 8. Be3 Qa5 9. Qd2 Nc6 10. Rc1 cxd4 11.
cxd4 Qxd2+ 12. Kxd2 O-O 13. d5 Rd8 14. Kc2 Na5 15.
Bd2 b6 16. Bxa5 bxa5 17. Bc4 Bd7 18. Rb1 Rac8 19. Kd3 f5 20. Nd2 fxe4+ 21. Ke2 a6 22. d6+ Rxc4 23. Nxc4 Bb5 24. Rxb5 axb5 25. dxe7 Re8 26.
Nxa5 Rxe7 27. Rb1 Ra7 28. Rxb5 Bc3 29. Rb8+ Kg7 30. Rb7+ Rxb7 31. Nxb7 Kf6 32. a4 Ke5 33. a5 Kd5 34. a6 Bd4 35. Nd8 h5 36. h4 Bb6 37. Nf7 Ke6 38. Ng5+ Kf5 39. g3 Ke5 40. Nf7+ Kd5 41. Nh8 Kc6 42. Nxg6 Kb5 43. Nf4 Kxa6 44. Nxh5 Kb5 45. Nf6 1-0

[Event "*** Titled Tuesday Blitz"]
[Site "Chess.com"]
[Date "2020.01.07"]
[Round "1"]
[White "FMVolodymyrSakun"]
[Black "Bagirova"]
[Result "1-0"]
[WhiteElo "2549"]
[BlackElo "2116"]
[TimeControl "180+2"]
[EndTime "13:07:38 PST"]
[Termination "FMVolodymyrSakun won by resignation"]

1. e4 c5 2. Nf3 d6 3. d4 cxd4 4. Nxd4 Nf6 5. Nc3 a6 6. Be2 e6 7. O-O Be7 8. Be3 O-O 9. f4 Qc7 10. Qe1 Nc6 11. Nb3 Bd7 12. Qg3 Nb4 13. Rac1 d5 14.
e5 Ne4 15. Nxe4 dxe4 16. f5 exf5 17. Nd4 Nd5 18. Bh6 g6 19. Bxf8 Rxf8 20. Nxf5 Bxf5 21. Rxf5 Qb6+ 22. Kh1 Qxb2 23. Rcf1 Qxc2 24. e6 f6 25.
Bd1 Qc4 26. Bb3 Qe2 27. Bxd5 Kh8 28. R5f2 Qb5 29. Bxe4 f5 30. Bc2 Bc5 31. Qc3+ Kg8 32. e7 Bxe7 33. Bb3+ Rf7 34. Qc8+ Kg7 35. Bxf7 Kxf7 36.
Rxf5+ 1-0

[Event "*** Titled Tuesday Blitz"]
[Site "Chess.com"]
[Date "2020.01.07"]
[Round "1"]
[White "igorkovalenko"]
[Black "r31415"]
[Result "1-0"]
[WhiteElo "2908"]
[BlackElo "2480"]
[TimeControl "180+2"]
[EndTime "13:07:39 PST"]
[Termination "igorkovalenko won by resignation"]

1. e4 d6 2. d4 Nf6 3. Bd3 e5 4. Nf3 Nc6 5. c3 g6 6. O-O Bg7 7. Re1 O-O 8. h3 Nd7 9. Be3 h6 10. Nbd2 f5 11. exf5 gxf5 12. dxe5 Ndxe5 13. Bf1 f4 14. Bd4 Nxd4 15. cxd4 Ng6 16. Qb3+ Kh8 17. Bd3 Nh4 18.
Re2 Rb8 19. Rae1 Bf5 20. Nxh4 Bxd3 21. Qxd3 Qxh4 22. Nf3 Qf6 23. Re7 Rf7 24. Re8+ Rxe8 25.
Rxe8+ Rf8 26. Rxf8+ Bxf8 27. Qb5 b6 28. Qc6 Qe7 29. b4 Bg7 30. b5 Qf7 31. a4 Kh7 32. Qc2+ Kh8 33. Qe4 Bf8 34. Qa8 Kg7 35. Qxa7 Qc4 36.
a5 Qxb5 37. Qxc7+ Kg6 38. axb6 Qb1+ 39. Kh2 Qb2 40. b7 1-0

[Event "*** Titled Tuesday Blitz"]
[Site "Chess.com"]
[Date "2020.01.07"]
[Round "1"]
[White "Jbd735"]
[Black "hansen"]
[Result "0-1"]
[WhiteElo "2460"]
[BlackElo "2882"]
[TimeControl "180+2"]
[EndTime "13:07:39 PST"]
[Termination "hansen won by checkmate"]

1. e4 c5 2. Nf3 e6 3. d4 cxd4 4.
Nxd4 a6 5. Bd3 Qb6 6. Nb3 Qc7 7. O-O d6 8. c4 Nf6 9. Nc3 b6 10. Be3 Bb7 11. Re1 Nbd7 12. Rc1 Be7 13. f4 O-O 14. Kh1 Nc5 15. Nxc5 bxc5 16. Qf3 Bc6 17. Qh3 g6 18. f5 Qd7 19. Bh6 Rfe8 20. Rf1 exf5 21. exf5 Bf8 22. Nd5 Bxd5 23. cxd5 Bxh6 24. Qxh6 Ng4 25. Qh4 Ne5 26. fxg6 fxg6 27. Bc2 Rf8 28. Rce1 Qb5 29. Rxf8+ Rxf8 30. h3 Qxb2 31. Bb3 Qc3 32. Re4 Rf1+ 33. Kh2 Nf3+ 34.
gxf3 Qd2+ 35. Kg3 Rg1# 0-1

[Event "*** Titled Tuesday Blitz"]
[Site "Chess.com"]
[Date "2020.01.07"]
[Round "1"]
[White "ristingho"]
[Black "Firouzja2003"]
[Result "0-1"]
[WhiteElo "2509"]
[BlackElo "3063"]
[TimeControl "180+2"]
[EndTime "13:07:40 PST"]
[Termination "Firouzja2003 won by resignation"]

1. d4 Nf6 2. c4 g6 3. Nc3 Bg7 4. e4 d6 5. h3 O-O 6. Be3 e5 7. d5 a5 8. g4 Na6 9. Nge2 h5 10. f3 Nh7 11. Qd2 Bd7 12. g5 Nc5 13. O-O-O f6 14. gxf6 Qxf6 15. Rg1 b6 16. f4 a4 17. fxe5 dxe5 18.
d6 c6 19. Bg2 Qh4 20. Kb1 Rf7 21.
Bh1 Bxh3 22. Rxg6 Bg4 23. Bh6 Nf8 24. Rxg7+ Rxg7 25. Bxg7 Kxg7 26. d7 Nfxd7 27. Qd6 Qf6 28. Qc7 Rf8 29. Rc1 Rf7 30. Ng3 Nd3 31. Rg1 Kh6 32. Nf5+ Kh7 33. Qc8 N7c5 34. Rf1 Qg5 35. Qb8 Qd2 0-1

[Event "*** Titled Tuesday Blitz"]
[Site "Chess.com"]
[Date "2020.01.07"]
[Round "1"]
[White "fish7728"]
[Black "Pilopa"]
[Result "0-1"]
[WhiteElo "2119"]
[BlackElo "2548"]
[TimeControl "180+2"]
[EndTime "13:07:41 PST"]
[Termination "Pilopa won on time"]

1. d4 Nf6 2. c4 c5 3. d5 b5 4.
cxb5 a6 5. b6 d6 6. Nc3 Nbd7 7. e4 g6 8. Nf3 Bg7 9. Bd3 O-O 10. b7 Bxb7 11. O-O Rb8 12. Qe2 Qb6 13. Rb1 Ng4 14. Na4 Qa5 15. b3 Nge5 16. Nxe5 Nxe5 17.
Bd2 Qc7 18. Nb2 Bc8 19. h3 Nxd3 20. Qxd3 f5 21. f3 fxe4 22. fxe4 Rxf1+ 23. Kxf1 e6 24. Nc4 Bd4 25. dxe6 Bxe6 26. Ke2 Re8 27. Kd1 d5 28.
exd5 Bf5 29. d6 Qf7 0-1

[Event "*** Titled Tuesday Blitz"]
[Site "Chess.com"]
[Date "2020.01.07"]
[Round "1"]
[White "Saloni1299"]
[Black "valeriocarnicelli"]
[Result "1-0"]
[WhiteElo "2111"]
[BlackElo "2527"]
[TimeControl "180+2"]
[EndTime "13:07:41 PST"]
[Termination "Saloni1299 won by resignation"]

1. e4 c5 2. Nf3 Nc6 3. d4 cxd4 4.
Nxd4 Nf6 5. Nc3 d6 6. Bg5 e6 7. Qd2 a6 8. O-O-O Bd7 9. f3 b5 10. g4 Qb6 11. Be3 Qa5 12. g5 b4 13. Nb1 Nh5 14.
Nxc6 Bxc6 15. Bc4 Rc8 16. Bb3 Be7 17. a3 Rb8 18. Bd4 O-O 19. axb4 Qxg5 20. Be3 Qb5 21. Rhg1 Qxb4 22. Qg2 Bf6 23. Qg4 Qa5 24. Bd2 Qc5 25. Bc3 Qe3+ 26. Rd2 g6 27. Rg2 Bxc3 28. Nxc3 Nf4 29. Nd1 Qc5 30. Qxf4 Rxb3 31. Qxd6 Qc4 32. Rd4 Qf1 33. Rf2 Qe1 34. cxb3 Rc8 35. Rc2 1-0

[Event "*** Titled Tuesday Blitz"]
[Site "Chess.com"]
[Date "2020.01.07"]
[Round "1"]
[White "Witik"]
[Black "Khalakhanov"]
[Result "1-0"]
[WhiteElo "2683"]
[BlackElo "2344"]
[TimeControl "180+2"]
[EndTime "13:07:42 PST"]
[Termination "Witik won by checkmate"]

1. d4 d5 2. Bf4 c6 3. e3 Nf6 4.
Bd3 Qb6 5. b3 Bg4 6. f3 Bh5 7.
Ne2 Bg6 8. O-O Nbd7 9. c4 e6 10.
Nbc3 Bb4 11. c5 Qd8 12. Bd6 Ba5 13. e4 Bc7 14. e5 Ng8 15. f4 Bxd3 16. Qxd3 Bxd6 17.
cxd6 Nh6 18. h3 O-O 19. g4 c5 20. Kg2 a6 21. Qe3 Rc8 22. Rac1 cxd4 23. Nxd4 Qh4 24.
Rf3 Rc5 25. Rcf1 Rfc8 26. Nce2 Nf8 27. f5 exf5 28. gxf5 Re8 29. e6 fxe6 30. fxe6 Ng6 31. e7 Qe4 32. d7 Nh4+ 33. Kf2 Rxe7 34. d8=Q+ Re8 35. Qxe8+ Qxe8 36. Qxe8# 1-0

[Event "*** Titled Tuesday Blitz"]
[Site "Chess.com"]
[Date "2020.01.07"]
[Round "1"]
[White "letantha"]
[Black "Federtiu"]
[Result "0-1"]
[WhiteElo "1827"]
[BlackElo "2515"]
[TimeControl "180+2"]
[EndTime "13:07:42 PST"]
[Termination "Federtiu won on time"]

1. e4 g6 2. d4 Bg7 3. Nf3 d6 4. c3 Nf6 5. Bd3 Nc6 6. O-O O-O 7. Re1 e5 8. h3 Re8 9. Nbd2 h6 10. Nf1 Bd7 11. Ng3 Qe7 12. Be3 Qf8 13. a4 Rad8 14. Qc2 exd4 15. Nxd4 Ne5 16. Bf1 a6 17. a5 c5 18.
Nde2 Bc6 19. c4 h5 20. Nc3 h4 21. Nh1 Bh6 22. f3 Bxe3+ 23. Rxe3 Qh6 24. Rae1 Nh5 25. Nf2 Qg5 26. Ng4 Bd7 27. b3 Bxg4 28. hxg4 Nf4 29.
Nd5 Nxd5 30. cxd5 Qf4 31. Qf2 g5 32. Rc3 Qg3 33. Bc4 Kg7 34. Rb1 Rc8 35. Qe3 f6 36. b4 h3 37. Qf2 h2+ 0-1

[Event "*** Titled Tuesday Blitz"]
[Site "Chess.com"]
[Date "2020.01.07"]
[Round "1"]
[White "muran29"]
[Black "wonderfultime"]
[Result "0-1"]
[WhiteElo "2502"]
[BlackElo "2964"]
[TimeControl "180+2"]
[EndTime "13:07:43 PST"]
[Termination "wonderfultime won by resignation"]

1. d4 d5 2. c4 c6 3. cxd5 cxd5 4. Nc3 Nf6 5. Bf4 Nc6 6. e3 Bf5 7. Nf3 e6 8. Ne5 Nxe5 9. Bxe5 Nd7 10. Bg3 Bb4 11.
Bb5 O-O 12. O-O Rc8 13. Rc1 Bxc3 14. Rxc3 Rxc3 15. bxc3 Nb6 16. Qb3 Qe7 17. c4 dxc4 18. Bxc4 Rc8 19. Bd3 Bxd3 20. Qxd3 Qb4 21. h3 h6 22. Qe4 Nd5 23. Rb1 Qe7 24. Bh4 Qd7 25. Qg4 b6 26. Re1 f5 27. Qf3 Nc3 28. g4 Qd5 29.
Qxd5 Nxd5 30. e4 fxe4 31. Rxe4 Kf7 32. Re2 Rc1+ 33. Kh2 b5 34. Bg3 b4 35. Bd6 a5 36.
Rb2 Rc4 37. Be5 a4 38. f4 a3 39. Rf2 Ne3 40. Kg3 Rc3 41. Rf3 Nd5 42. Rxc3 Nxc3 43. Bd6 Nxa2 44. Kf3 g6 45. h4 h5 46. g5 Ke8 47. Bc5 Kd7 48. Kf2 Nc1 49. Bxb4 Nd3+ 0-1

[Event "*** Titled Tuesday Blitz"]
[Site "Chess.com"]
[Date "2020.01.07"]
[Round "1"]
[White "Gordima"]
[Black "Terao90"]
[Result "1-0"]
[WhiteElo "2812"]
[BlackElo "2425"]
[TimeControl "180+2"]
[EndTime "13:07:49 PST"]
[Termination "Gordima won on time"]

1. d4 Nf6 2. c4 e6 3. g3 d5 4. Bg2 Bb4+ 5. Nd2 O-O 6. Nf3 dxc4 7. Qc2 c5 8. dxc5 Bxc5 9. Nxc4 Nc6 10. O-O Qe7 11.
a3 a6 12. b4 Ba7 13. Bb2 Bd7 14. Rad1 Rfc8 15. Qb3 Rd8 16. Nd6 Be8 17. Nxe8 Nxe8 18. e3 Rxd1 19. Rxd1 Rd8 20. Rc1 Nf6 21. h4 h6 22. Ne5 Nxe5 23. Bxe5 Bb8 24. Bb2 Qd7 25. Bf3 Rc8 26. Rd1 Qe7 27. Qd3 Ba7 28. Kg2 Kf8 29. Be5 Bb8 30. Bd4 Kg8 31. Bb2 e5 32. Qf5 e4 33. Qxc8+ 1-0

[Event "*** Titled Tuesday Blitz"]
[Site "Chess.com"]
[Date "2020.01.07"]
[Round "1"]
[White "ahachess"]
[Black "AndrewMaco"]
[Result "0-1"]
[WhiteElo "2275"]
[BlackElo "2625"]
[TimeControl "180+2"]
[EndTime "13:07:49 PST"]
[Termination "AndrewMaco won by resignation"]

1. d4 Nf6 2. c4 e6 3. g3 c5 4. d5 exd5 5. cxd5 d6 6. Bg2 g6 7. Nf3 Bg7 8. O-O O-O 9. Nc3 a6 10. a4 Nbd7 11. h3 Re8 12. Nd2 Rb8 13. a5 b5 14.
axb6 Nxb6 15. e4 Nfd7 16. Qc2 Ne5 17. Re1 c4 18. Bf1 Nd3 19. Bxd3 cxd3 20. Qxd3 Bxh3 21. Nf3 Nd7 22. Bg5 Qc7 23. Bf4 Nc5 24. Qc2 Bg4 25. Nh2 Bd7 26. Nd1 Qb6 27. Ra2 Bb5 28. Be3 Bd3 29.
Qd2 Bxe4 30. Nc3 Bf5 31. Na4 Qb5 32. Nxc5 dxc5 33. Bf4 Rxe1+ 34. Qxe1 Rd8 35. d6 h6 36. Nf1 g5 37. Bd2 Rxd6 38. Bc3 Bd4 39. Ne3 Be6 40. Ra5 Qb6 41. Qf1 Bxc3 42. bxc3 Qxa5 43. Kh2 Qxc3 0-1

[Event "*** Titled Tuesday Blitz"]
[Site "Chess.com"]
[Date "2020.01.07"]
[Round "1"]
[White "wannabe2700"]
[Black "Orest_Vovk"]
[Result "0-1"]
[WhiteElo "2760"]
[BlackElo "2418"]
[TimeControl "180+2"]
[EndTime "13:07:52 PST"]
[Termination "Orest_Vovk won by resignation"]

1. e4 Nc6 2. Nf3 f5 3. exf5 d5 4. d4 Bxf5 5. Bb5 Nf6 6. Ne5 Qd6 7. O-O Nd7 8. Bf4 Ndxe5 9. Bxe5 Qg6 10. c4 O-O-O 11. cxd5 Nxe5 12. dxe5 Be4 13. f3 Rxd5 14. Qb3 Qb6+ 15. Kh1 Rxb5 16. Qf7 Bc6 17. Nc3 Rxe5 18.
Rad1 Qxb2 19. Nd5 Qb5 20. Nf4 a6 21. Ne6 Rxe6 22. Qxe6+ Bd7 23. Qe3 b6 24. Qe4 Qc6 25. Qe5 e6 26. Rc1 Qd6 27. Qe4 Qd5 28. Qe3 Bc5 29.
Qe2 Bb5 30. Qb2 Bxf1 31. Rxf1 Qd4 32. Qb3 Rd8 33. Qxe6+ Kb7 34. h3 g5 35. Qh6 Qd3 36.
Rc1 Qg6 37. Qxg6 hxg6 38. g3 Be3 39. Rc3 Bd2 40. Rc4 c5 41. h4 gxh4 42. Rxh4 b5 43. Rg4 Rd6 44. Kg2 c4 45. Kf2 c3 46. Ke2 c2 47. Rd4 Rxd4 0-1

[Event "*** Titled Tuesday Blitz"]
[Site "Chess.com"]
[Date "2020.01.07"]
[Round "1"]
[White "Atakishiyev04"]
[Black "pedromartinez91"]
[Result "1-0"]
[WhiteElo "2721"]
[BlackElo "2360"]
[TimeControl "180+2"]
[EndTime "13:07:52 PST"]
[Termination "Atakishiyev04 won by checkmate"]

1. d4 Nf6 2. c4 e6 3. Nf3 c5 4. d5 exd5 5. cxd5 Bd6 6. Nc3 O-O 7. Nd2 Be5 8. e4 Re8 9. Be2 d6 10. O-O Nbd7 11. f3 Bd4+ 12. Kh1 Nh5 13. Nc4 Nb6 14. Nb5 Nxc4 15. Bxc4 Bf6 16. g4 a6 17. Nc3 b5 18. Bd3 c4 19. Bc2 b4 20. Ne2 c3 21.
bxc3 Be5 22. gxh5 Qh4 23. f4 Bf6 24. Be3 Bg4 25. Qd3 Rac8 26. e5 dxe5 27. Qxh7+ Kf8 28. d6 Bxe2 29. Qh8# 1-0

[Event "*** Titled Tuesday Blitz"]
[Site "Chess.com"]
[Date "2020.01.07"]
[Round "1"]
[White "BilodeauA"]
[Black "TwentyHoursADay"]
[Result "1-0"]
[WhiteElo "2794"]
[BlackElo "2409"]
[TimeControl "180+2"]
[EndTime "13:07:53 PST"]
[Termination "BilodeauA won by resignation"]

1. e4 c5 2. Nf3 e6 3. d4 cxd4 4. Nxd4 a6 5. Nc3 Qc7 6. Be2 Nf6 7. O-O Nc6 8. Be3 h5 9. f3 Bd6 10. f4 Bc5 11. Qd2 Ng4 12. Bxg4 hxg4 13. Rad1 b5 14. Nb3 Bxe3+ 15. Qxe3 b4 16. Ne2 d6 17. Qg3 Bb7 18. Qxg4 O-O-O 19. c3 Rh6 20. Qf3 Rdh8 21. h3 a5 22. cxb4 axb4 23. Rc1 Kb8 24. Qe3 Rg6 25. a3 bxa3 26. bxa3 f5 27. Rb1 fxe4 28. Rfc1 Qd7 29.
Rxc6 Qxc6 30. Na5 Qc2 31. Rxb7+ Kc8 32. Rb8+ Kxb8 33. Qb6+ Kc8 34. Qb7+ Kd8 35. Nc6+ 1-0

[Event "*** Titled Tuesday Blitz"]
[Site "Chess.com"]
[Date "2020.01.07"]
[Round "1"]
[White "GMHess"]
[Black "Korona_91"]
[Result "1-0"]
[WhiteElo "2744"]
[BlackElo "2379"]
[TimeControl "180+2"]
[EndTime "13:07:54 PST"]
[Termination "GMHess won by resignation"]

1. a3 g6 2. h3 Bg7 3. d3 d6 4. g4 e5 5. Bg2 Nc6 6. c4 Nge7 7. Nc3 f5 8. gxf5 Bxf5 9. b4 Rb8 10.
b5 Nd4 11. e3 Ne6 12. e4 Nf4 13. Bxf4 exf4 14. Nge2 Be6 15. Qb3 O-O 16. Bf3 g5 17. O-O-O Ng6 18. d4 Nh4 19. Bg4 Bxg4 20. hxg4 c6 21. Rh3 Kh8 22. Rdh1 Qd7 23. f3 c5 24.
dxc5 dxc5 25. Nd5 Qd6 26. Kc2 Qe5 27. Rxh4 gxh4 28. Rxh4 b6 29. Rh5 Qa1 30. Nexf4 Rxf4 31. Nxf4 Qf1 32. Qd3 Qf2+ 33. Qd2 Qxd2+ 34. Kxd2 Kg8 35. Nd5 Rf8 36. f4 h6 37. e5 Rd8 38. Ke3 Kf7 39. Ke4 a6 40. f5 axb5 41. e6+ Kg8 42. f6 Bxf6 43. Nxf6+ Kg7 44. e7 Rd4+ 45. Kf5 bxc4 1-0